 Dungeon Crawl Stone Soup version 0.19-a0-27-g415f530 (webtiles) character file.

164 Duffy the Chopper (level 5, 24/41 HPs)
             Began as a Demonspawn Fighter on May 1, 2016.
             Quit the game on level 2 of the Dungeon.
             The game lasted 00:00:40 (457 turns).

Duffy the Chopper (Demonspawn Fighter)               Turns: 457, Time: 00:00:40

Health: 24/41      AC:  8    Str: 22    XL:     5   Next: 21%
Magic:  5/5        EV:  7    Int:  9    God:
Gold:   17         SH:  9    Dex: 13    Spells: 0 memorised, 4 levels left

rFire  . . .     SeeInvis .     a - +0 war axe
rCold  . . .     Gourm    .     b - +0 scale mail
rNeg   . . .     Faith    .     c - +0 shield
rPois  .         Spirit   .     (no helmet)
rElec  .         Dismiss  .     (no cloak)
rCorr  .         Reflect  .     (no gloves)
SustAt .         Harm     .     (no boots)
MR     .....                    (no amulet)
Stlth  ..........               (no ring)
                                (no ring)

@: mighty, not resistant to hostile enchantments, extremely unstealthy
A: hooves 1, slimy green scales 1, spiny 1
a: no special abilities


You were on level 2 of the Dungeon.
You were not hungry.

You visited 1 branch of the dungeon, and saw 2 of its levels.

You collected 17 gold pieces.


Innate Abilities, Weirdness & Mutations

You have large cloven feet.
You are partially covered in slimy green scales (AC +2).
You are partially covered in sharp spines.


   Skills:
 - Level 3.0 Fighting
 + Level 5.0 Axes
 - Level 2.6 Armour
 - Level 2.6 Shields


You had 4 spell levels left.
You didn't know any spells.

Inventory:

Hand Weapons
 a - a +0 war axe (weapon)
Armour
 b - a +0 scale mail (worn)
 c - a +0 shield (worn)
Scrolls
 e - a scroll of identify {unknown}
 g - a scroll of random uselessness {unknown}
 h - a scroll of teleportation {unknown}
Comestibles
 f - a bread ration

Dungeon Overview and Level Annotations

Branches:
Dungeon (2/15)

Altars:


Message History

The giant cockroach bites you but does no damage. x2
You hit the giant cockroach.
You kill the giant cockroach!
No target in view!
No target in view!
No target in view!
No target in view!
No target in view!
No target in view!
No target in view!
No target in view!
No target in view!
No target in view!
Drink which item? (? for menu, Esc to quit)
Okay, then.
You start waiting.
Done waiting.
Drink which item? (? for menu, Esc to quit)
You feel very mighty all of a sudden.
You climb downwards.
Level annotation: Sigmund Sigmund barely misses you.
There is a stone staircase leading up here.
Sigmund casts a spell at you. The puff of flame hits you!
You slice Sigmund!!
Sigmund is severely wounded.
You block Sigmund's attack.
You barely miss Sigmund.
Sigmund is severely wounded.
Sigmund gestures at you while chanting. The puff of flame misses you.
Sigmund hits you with a scythe.
You slash Sigmund!
You kill Sigmund!
Your Axes skill gained 3 levels and is now at level 5!
You have reached level 2!
Your demonic ancestry asserts itself...
Your feet thicken and deform.
You have reached level 3!
Your experience leads to an increase in your attributes!
Your base attributes are Str 16, Int 9, Dex 12.
Increase (S)trength, (I)ntelligence, or (D)exterity?
You feel stronger.
Your demonic ancestry asserts itself...
Slimy green scales grow over part of your body.
You have reached level 4!
You feel agile.
You have reached level 5!
Your demonic ancestry asserts itself...
Sharp spines emerge from parts of your body.
Are you sure you want to abandon this character and quit the game? (Confirm with "yes".)

..........
#.....#
..........
#.###.#
..........
#.#...#
......s...
#.#.###
..........
#.#.# #.# #.#.#
#@# #.#.# #.#
#@#)# #.# #.#@#
#.# #.#<# #.#
### #.### #.#
#.#####.#
#.#####.......#
#.......#######
#######.# ###


There were no monsters in sight!

Action                   |  1- 3 |  4- 6 || total
-------------------------+-------+-------++-------
Melee: War axe           |    13 |       ||    13
  Use: Potion            |     1 |       ||     1
Armor: Scale mail        |     5 |       ||     5
Dodge: Dodged            |     7 |       ||     7
Block: Shield            |     4 |       ||     4

Notes
Turn   | Place    | Note
--------------------------------------------------------------
     0 | D:1      | Duffy the Demonspawn Fighter began the quest for the Orb.
     0 | D:1      | Reached XP level 1. HP: 18/18 MP: 1/1
    47 | D:1      | Reached skill level 2 in Axes
   109 | D:2      | Noticed Sigmund
   456 | D:2      | Killed Sigmund
   456 | D:2      | Reached skill level 5 in Axes
   456 | D:2      | Gained mutation: You have large cloven feet. [demonic ancestry]
   456 | D:2      | Reached XP level 2. HP: 14/24 MP: 2/2
   456 | D:2      | Gained mutation: You are partially covered in slimy green scales (AC +2). [demonic ancestry]
   456 | D:2      | Reached XP level 3. HP: 17/29 MP: 3/3
   456 | D:2      | Reached XP level 4. HP: 20/35 MP: 4/4
   456 | D:2      | Gained mutation: You are partially covered in sharp spines. [demonic ancestry]
   456 | D:2      | Reached XP level 5. HP: 24/41 MP: 5/5
   457 | D:2      | Quit the game

Skill      XL: |  1 |
---------------+----+-----
Axes           | 5 |  5.0
Fighting       | |  3.0
Armour         | |  2.6
Shields        | |  2.6

Vault maps used:
D:1:      dpeg_arrival_ternary, hangedman_glass_teeth, minmay_misc_feat_room
D:2:      nicolae_dithmenos_through_a_glass_darkly, kiku_gazebo_pond_becter,
          uniq_sigmund, uniq_robin

Vanquished Creatures
  Sigmund
  A giant gecko
  A giant cockroach
  A goblin
  A giant newt
5 creatures vanquished.
